 Dungeon Sprint DCSS version 0.28-a0-794-gafe8c5f9e9 (webtiles) character file.

Game seed: 13481373136488533675

5 mhtbhm the Covered (level 1, -13/22 HPs)
             Began as a Gargoyle Fighter on Nov 6, 2021.
             Mangled by an ogre (25 damage)
             ... in the Dungeon (Sprint IX: "|||||||||||||||||||||||||||||").
             The game lasted 00:00:06 (110 turns).

mhtbhm the Covered (Gargoyle Fighter)                Turns: 110, Time: 00:00:07

Health: -13/22     AC:  9    Str: 19    XL:     1   Next: 80%
Magic:  1/1        EV:  9    Int:  8    God:
Gold:   0          SH:  4    Dex:  9    Spells: 0/0 levels left

rFire   . . .      SeeInvis .   a - +0 flail
rCold   . . .      Faith    .   c - +0 buckler
rNeg    + . .      Spirit   .   b - +0 scale mail
rPois   ∞          Reflect  .   (no helmet)
rElec   +          Harm     .   (no cloak)
rCorr   .          Rampage  .   (no gloves)
Will    .....      NoTele   +   (no boots)
Stlth   ..........              (no amulet)
HPRegen 0.07/turn               (no ring)
MPRegen 0.07/turn               (no ring)

@: berserking, very quick
A: sickness immunity, AC +2, negative energy resistance 1, electricity
resistance, torment resistance 1, petrification resistance
a: no special abilities


You were in the Dungeon.
You visited 1 branch

Inventory:

Hand Weapons
 a - a +0 flail (weapon)
Armour
 b - a +0 scale mail (worn)
 c - a +0 buckler (worn)
Scrolls
 j - a scroll of blinking
Potions
 d - a potion of might
 e - a potion of curing
 f - a potion of heal wounds
 g - a potion of haste
 h - 2 potions of magic


   Skills:
 + Level 3.8 Fighting
 + Level 2.2 Maces & Flails
 + Level 4.0 Armour
 + Level 3.9 Shields


You couldn't memorise any spells.
You didn't know any spells.
Your spell library was empty.

Dungeon Overview and Level Annotations

Branches:
Dungeon (1/1)

Altars:


Innate Abilities, Weirdness & Mutations

You are immune to sickness and miasma.
Your stone body is resilient. (AC +2)
You are immune to poison.
You resist negative energy. (rN+)
You are resistant to electric shocks. (rElec)
You are resistant to unholy torment.
You are immune to petrification.


Message History

The goblin barely misses you.
You barely miss the goblin.
The goblin is moderately wounded.
The goblin hits you but does no damage.
You closely miss the goblin.
The goblin is moderately wounded.
The goblin hits you with a +0 club. You block the goblin's attack.
You hit the goblin.
You kill the goblin!
You closely miss the quokka. You block the quokka's attack.
The quokka bites you but does no damage.
You sock the quokka!
You kill the quokka!
Your Armour skill increases to level 4!
No target in view!
No target in view!
No target in view!
No target in view!
No target in view!
No target in view!
No target in view!
No target in view!
You start resting.
HP restored.
There is an open door to the Dungeon, spattered with blood here.
Things that are here:
a +0 club; a goblin corpse; a bat corpse You open the door.
A hound, an ogre, a phantom and 2 skeletons come into view.
The hound barks!
A red film seems to cover your vision as you go berserk!
You feel yourself moving faster!
You feel mighty! The ogre barely misses you.
You barely miss the ogre. You barely miss the ogre.
The ogre hits you with a +0 giant spiked club!
You thump the ogre!
The ogre is moderately wounded.
The ogre hits you with a +0 giant spiked club!!
Ouch! That really hurt!
You die...

▓.▓
▓.▓
▓.▓
▓)▓
▓.▓
▓.▓
▓.▓
▓.▓
▓@▓
▓O▓
▓h▓
▓W▓
▓Z▓
▓.▓
▓Z▓
▓+▓


You could see a phantom, an ogre, a hound, a ball python skeleton and an adder
skeleton.

Vanquished Creatures
  A bat (D)
  A goblin (D)
  A quokka (D)
  2 ball pythons (D)
5 creatures vanquished.

Notes
Turn   | Place    | Note
-------+----------+-------------------------------------------
     0 | D        | mhtbhm the Gargoyle Fighter began the quest for the Orb.
     0 | D        | Reached XP level 1. HP: 14/14 MP: 1/1
    18 | D        | Reached skill level 4 in Armour
   106 | D        | Noticed an ogre
   106 | D        | Noticed a hound
   106 | D        | Noticed a phantom
   110 | D        | Mangled by an ogre

Illustrated notes

Levels and vault maps discovered:
D:        linesprint [early_d, line_temple, items_1, d_10, items_2, lair_1,
          lair_end, items_3, orc_1, orc_end, items_4, d_15, swamp_1, shoals_1,
          snake_1, spider_1, d_20, vaults_1, items_5, swamp_end, shoals_end,
          snake_end, spider_end, vaults_end, d_27, items_6, zot_1, zot_end,
          crypt_end, forest_end, elf_end, slime_end, tomb_end, abyss_end,
          pan_hell_end]

Skill      XL: |  1 |
---------------+----+-----
Armour         | 4 |  4.0
Fighting       | |  3.8
Maces & Flails | |  2.2
Shields        | |  3.9

Action                   || total
-------------------------++-------
Melee: Flail             ||    17
  Use: Potion            ||     1
Armor: Scale mail        ||     7
Dodge: Dodged            ||     5
Block: Buckler           ||     4

Table legend: (Time is in decaauts)
 A = Elapsed time spent in this place.
 B = Non-inter-level travel time spent in this place.
 C = Inter-level travel time spent in this place.
 D = Time resting spent in this place.
 E = Time spent auto-exploring this place.
 F = Levels seen in this place.
 G = Mean time per level.
                   A        B        C        D        E       F      G
               +--------+--------+--------+--------+--------+-----+--------+
         Total |    113 |    113 |      0 |     82 |      8 |   1 |  113.0 |
       Dungeon |    113 |    113 |      0 |     82 |      8 |   1 |  113.0 |
               +--------+--------+--------+--------+--------+-----+--------+

Top non-repeatable levels by time:
       D: 113 daAuts
